 Dungeon Crawl Stone Soup version 0.28.0-53-g5a82cb258f (webtiles) character file.

Game seed: 16309769939058311546

19467 nickcage the Severer (level 12, -5/112 HPs)
             Began as a Hill Orc Berserker on June 14, 2022.
             Was a High Priest of Trog.
             Slain by a seven-headed hydra (7 damage)
             ... on level 1 of the Lair of Beasts.
             The game lasted 00:32:27 (11420 turns).

nickcage the Severer (Hill Orc Berserker)          Turns: 11420, Time: 00:32:28

Health: -5/112     AC: 19    Str: 31    XL:     12   Next: 69%
Magic:  12/12      EV: 23    Int:  7    God:    Trog [*****.]
Gold:   637        SH:  0    Dex: 10    Spells: 11/11 levels left

rFire   . . .      SeeInvis .   D - +5 flail "Aqua" {speed, rElec rN+ rCorr}
rCold   + . .      Faith    .   P - orb {light}
rNeg    + . .      Spirit   .   y - +0 plate armour
rPois   .          Reflect  .   c - +1 hat
rElec   +          Harm     .   Q - scarf {repulsion}
rCorr   +          Rampage  .   k - +2 pair of gloves {hurl}
Will    .....                   j - +1 pair of boots
Stlth   ..........              I - amulet of the acrobat
HPRegen 0.28/turn               x - ring of protection from cold
MPRegen 0.13/turn               t - +6 ring of strength

@: mighty, acrobatic, glowing, repel missiles
A: no striking features
a: Renounce Religion, Berserk, Trog's Hand, Brothers in Arms


You were on level 1 of the Lair of Beasts.
You worshipped Trog.
Trog was extremely pleased with you.
You visited 3 branches of the dungeon, and saw 12 of its levels.
You also visited: Bailey.

You collected 819 gold pieces.
You spent 182 gold pieces at shops.

Inventory:

Hand Weapons
 D - the +5 flail "Aqua" (weapon) {speed, rElec rN+ rCorr}
   (You found it on level 6 of the Dungeon)

   Attacks with this weapon are significantly faster.
   rElec:     It insulates you from electricity.
   rN:        It protects you from negative energy.
   rCorr:     It protects you from acid and corrosion.
 H - the +8 mithril axe "Arga" {speed, Will+}
   (You found it on level 8 of the Dungeon)

   Attacks with this weapon are significantly faster.
   Will:      It increases your willpower.
 T - a +3 vorpal executioner's axe
Missiles
 o - 49 poisoned darts (quivered)
Armour
 c - a +1 hat (worn)
 j - a +1 pair of boots (worn)
 k - a +2 pair of gloves of hurling (worn)
 y - a +0 plate armour (worn)
 P - an orb of light (worn)
 Q - a scarf of repulsion (worn)
Jewellery
 h - a ring of flight
 n - a +4 ring of protection
 t - a +6 ring of strength (right hand)
 w - a ring of willpower
 x - a ring of protection from cold (left hand)
 I - an amulet of the acrobat (around neck)
Wands
 s - a wand of iceblast (11)
 B - a wand of flame (45)
 F - a wand of acid (21)
Scrolls
 f - 8 scrolls of teleportation
 J - a scroll of enchant armour {unknown}
 K - 2 scrolls of magic mapping {unknown}
 L - 4 scrolls of fear {unknown}
 O - a scroll of identify
 R - a scroll of enchant weapon {unknown}
Potions
 g - 5 potions of brilliance
 i - 2 potions of might
 l - 2 potions of degeneration
 m - 5 potions of flight {unknown}
 q - 3 potions of mutation {unknown}
 v - 2 potions of magic
 A - 2 potions of heal wounds {unknown}
 C - a potion of curing {unknown}
 G - 3 potions of haste {unknown}
 M - a potion of cancellation {unknown}
 N - a potion of experience


   Skills:
 + Level 11.8 Fighting
 - Level 8.5 Long Blades
 - Level 20.2 Axes
 - Level 0.3 Throwing
 * Level 6.1 Armour
 - Level 1.5 Dodging


You had 11 spell levels left.
You didn't know any spells.
Your spell library was empty.

Dungeon Overview and Level Annotations

Branches:
Dungeon (10/15)            Temple (0/1) D:6            Lair (1/6) D:10
    Orc (1/2) D:10         Bailey (visited)

Altars:
Gozag
Okawaru
Trog

Shops:
D:1 (   D:4 (   D:6 [   D:7 **

Portals:
Abyss: D:5

Annotations:
D:4 3 runed translucent doors, Valamore's ghost, amateur HuFi
D:5 2 transporters, trickyswaf's ghost, novice OpFE
Orc:1 1 transporter


Message History

The seven-headed hydra completely misses you.
The seven-headed hydra bites you but does no damage.
The seven-headed hydra bites you! x2
The seven-headed hydra bites you but does no damage.
You feel very mighty all of a sudden.
The komodo dragon completely misses you.
The seven-headed hydra bites you!
The seven-headed hydra bites you but does no damage.
The seven-headed hydra bites you.
The seven-headed hydra bites you but does no damage. x2
The seven-headed hydra bites you.
The seven-headed hydra bites you but does no damage.
Your ogre goes berserk!
The komodo dragon bites you but does no damage.
The seven-headed hydra bites you but does no damage.
The seven-headed hydra bites you.
The seven-headed hydra bites you but does no damage. x2
The seven-headed hydra bites you. The seven-headed hydra bites you!
* * * LOW HITPOINT WARNING * * *
The seven-headed hydra bites you.
* * * LOW HITPOINT WARNING * * *
You sock the seven-headed hydra!
The seven-headed hydra is lightly wounded.
The komodo dragon bites you!
* * * LOW HITPOINT WARNING * * *
Your ogre hits the komodo dragon with a +0 giant spiked club!!!
The komodo dragon dies!
Trog accepts your kill.
The seven-headed hydra barely misses you.
The seven-headed hydra bites you!
* * * LOW HITPOINT WARNING * * *
The seven-headed hydra closely misses you.
The seven-headed hydra bites you but does no damage.
The seven-headed hydra closely misses you.
The seven-headed hydra completely misses you. x2
Your ogre barely misses the seven-headed hydra.
The seven-headed hydra closely misses you.
The seven-headed hydra bites you but does no damage. x2
The seven-headed hydra bites you!
You die...

..##.#.#.## #..................
..........#####..................
.................................
..>..............................
#P##P###......................... ######
#....###..................
#.....##............ #....##..............
#.....#..@................
########....##.D.................
.#P.#P#.....##..........##...................
.................................
########.........................
##....................P....
#..........................
#.####.#..........P........


You could see a seven-headed hydra (ally target) and a friendly ogre (summoned,
berserk).

Vanquished Creatures
  An orc warlord (Bailey)
  Josephine (D:10)
  Fannar (Orc:1)
  Harold (Lair:1)
  A two-headed ogre (D:10)
  An orc high priest (Orc:1)
  Pikel (D:5)
  3 orc knights (Bailey)
  Joseph (D:7)
  Maggie (D:6)
  A cane toad (Lair:1)
  2 kobold demonologists (D:10)
  2 komodo dragons
  A rime drake (Lair:1)
  A troll (D:9)
  Grinder (D:6)
  8 wraiths
  20 yaks
  A wyvern (Lair:1)
  3 steam dragons
  Menkaure (D:7)
  A warg (Orc:1)
  19 orc warriors
  2 water moccasins
  2 ice beasts
  3 black bears
  4 ogres
  3 wolves (Lair:1)
  2 centaurs
  A phantom (D:6)
  6 kobold brigands
  3 lemures (D:5)
  6 scorpions
  A bullfrog (D:8)
  A gnoll sergeant (D:6)
  13 wights
  3 centaur zombies
  3 hounds
  5 orc priests
  A centaur skeleton (D:6)
  A gnoll shaman (D:6)
  10 orc wizards
  6 iguanas
  A hound skeleton (D:4)
  6 adders
  14 gnolls
  2 howler monkey skeletons
  2 shadow imps
  An ufetubus (D:5)
  A dart slug (D:1)
  42 orcs
  7 ball pythons
  12 endoplasms
  5 giant cockroaches
  16 goblins
  18 hobgoblins
  7 jackals
  7 quokkas
  10 bats
  5 frilled lizards
  33 kobolds
  7 rats
345 creatures vanquished.

Vanquished Creatures (collateral kills)
  A komodo dragon (Lair:1)
1 creature vanquished.

Vanquished Creatures (others)
  A fungus (Lair:1)
  14 plants
15 creatures vanquished.

Grand Total: 361 creatures vanquished

Notes
Turn   | Place    | Note
-------+----------+-------------------------------------------
     0 | D:1      | nickcage the Hill Orc Berserker began the quest for the
                  | Orb.
     0 | D:1      | Reached XP level 1. HP: 19/19 MP: 1/1
   329 | D:1      | Reached XP level 2. HP: 13/26 MP: 2/2
  1032 | D:1      | Found Ofes's Weapon Boutique.
  1087 | D:1      | Reached XP level 3. HP: 31/31 MP: 3/3
  1787 | D:2      | Reached skill level 5 in Long Blades
  1791 | D:2      | Reached XP level 4. HP: 24/39 MP: 4/4
  1797 | D:2      | Reached ** piety under Trog
  2151 | D:2      | Found an iron altar of Okawaru.
  2409 | D:3      | Noticed a scorpion
  2415 | D:3      | Killed a scorpion
  2416 | D:3      | Reached XP level 5. HP: 45/45 MP: 5/5
  2525 | D:3      | Found a faded altar of an unknown god.
  3351 | D:4      | Noticed a black bear
  3361 | D:4      | Killed a black bear
  3362 | D:4      | Reached XP level 6. HP: 51/51 MP: 6/6
  3362 | D:4      | Found a runed translucent gate.
  3362 | D:4      | Found a runed translucent gate.
  3362 | D:4      | Found a runed translucent gate.
  3374 | D:4      | Noticed Valamore's ghost (amateur HuFi)
  3400 | D:4      | Reached XP level 7. HP: 22/57 MP: 7/7
  3609 | D:4      | Found Iheaqule's Antique Weapon Boutique.
  3619 | D:4      | Bought a runed war axe for 156 gold pieces
  3747 | D:4      | Reached skill level 1 in Axes
  3775 | D:4      | Reached skill level 2 in Axes
  3955 | D:4      | Noticed a yak
  3955 | D:4      | Noticed a yak
  3955 | D:4      | Noticed a yak
  3955 | D:4      | Noticed a yak
  3957 | D:4      | Noticed a yak
  3963 | D:4      | Killed a yak
  3964 | D:4      | Reached skill level 4 in Axes
  3976 | D:4      | Killed a yak
  3977 | D:4      | Reached skill level 6 in Axes
  3977 | D:4      | Reached XP level 8. HP: 35/66 MP: 8/8
  3984 | D:4      | Killed a yak
  3985 | D:4      | Reached skill level 7 in Axes
  3989 | D:4      | Killed a yak
  3990 | D:4      | Reached skill level 8 in Axes
  3995 | D:4      | Killed a yak
  3996 | D:4      | Reached skill level 9 in Axes
  4482 | D:5      | Entered Level 5 of the Dungeon
  4622 | D:5      | Found the +8 demon trident "Rift" {distort, reach+}
  4623 | D:5      | Found a one-way gate to the infinite horrors of the Abyss.
  4623 | D:5      | Noticed trickyswaf's ghost (novice OpFE)
  4640 | D:5      | Found a transporter.
  4675 | D:5      | Reached *** piety under Trog
  4817 | D:5      | Reached skill level 10 in Axes
  4972 | D:5      | Found a transporter.
  4999 | D:5      | Reached XP level 9. HP: 71/71 MP: 9/9
  5075 | D:5      | Reached skill level 11 in Axes
  5103 | D:5      | Noticed Pikel
  5117 | D:5      | Killed Pikel
  5118 | D:5      | Reached skill level 12 in Axes
  5313 | D:6      | Found Ivaoc's Armour Emporium.
  5340 | D:6      | Reached skill level 13 in Axes
  5426 | D:6      | Identified the +5 flail "Aqua" {speed, rElec rN+ rCorr}
  5489 | D:6      | Reached skill level 14 in Axes
  5682 | D:6      | Noticed Maggie
  5694 | D:6      | Killed Maggie
  5695 | D:6      | Reached XP level 10. HP: 71/78 MP: 10/10
  5817 | D:6      | Noticed Grinder
  5825 | D:6      | Paralysed by Grinder for 2 turns
  5837 | D:6      | Killed Grinder
  5838 | D:6      | Reached skill level 15 in Axes
  5903 | D:6      | Found a staircase to the Ecumenical Temple.
  5946 | D:6      | You are sucked into a shaft and drop 1 floor!
  5946 | D:7      | Found Bericeng's Specific Store.
  5947 | D:7      | Found Geohoax's General Store.
  5955 | D:7      | Bought a scroll of identify for 26 gold pieces
  6134 | D:7      | Noticed Menkaure
  6136 | D:7      | Killed Menkaure
  6160 | D:7      | Reached **** piety under Trog
  6190 | D:7      | Reached skill level 5 in Fighting
  6441 | D:7      | Noticed Joseph
  6462 | D:7      | Killed Joseph
  7211 | D:8      | Reached skill level 5 in Armour
  7278 | D:8      | Found an iron altar of Okawaru.
  7303 | D:8      | Found the +8 mithril axe "Arga" {speed, Will+}
  7458 | D:8      | Found a flagged portal.
  7469 | Bailey   | Entered a bailey
  7562 | Bailey   | Noticed an orc knight
  7568 | Bailey   | Noticed an orc knight
  7574 | Bailey   | Killed an orc knight
  7575 | Bailey   | Reached skill level 16 in Axes
  7586 | Bailey   | Killed an orc knight
  7587 | Bailey   | Reached XP level 11. HP: 23/92 MP: 11/11
  7759 | Bailey   | Noticed an orc warlord
  7788 | Bailey   | Killed an orc warlord
  7789 | Bailey   | Reached skill level 17 in Axes
  8022 | Bailey   | Noticed an orc knight
  8041 | Bailey   | Killed an orc knight
  8826 | D:8      | Found a bloodstained altar of Trog.
  9069 | D:9      | Reached ***** piety under Trog
  9221 | D:9      | Reached skill level 18 in Axes
  9749 | D:10     | Entered Level 10 of the Dungeon
  9963 | D:10     | Noticed a soul eater
  9965 | D:10     | Reached skill level 19 in Axes
 10007 | D:10     | Received a gift from Trog
 10071 | D:10     | Noticed a two-headed ogre
 10079 | D:10     | Killed a two-headed ogre
 10080 | D:10     | Reached XP level 12. HP: 88/106 MP: 12/12
 10217 | D:10     | Found a staircase to the Orcish Mines.
 10220 | D:10     | Found a staircase to the Lair.
 10291 | D:10     | Found an opulent altar of Gozag.
 10387 | D:10     | Noticed Josephine
 10391 | D:10     | Reached skill level 10 in Fighting
 10397 | D:10     | Killed Josephine
 10670 | Orc:1    | Entered Level 1 of the Orcish Mines
 10712 | Orc:1    | Reached skill level 20 in Axes
 10801 | Orc:1    | Noticed an orc high priest
 10811 | Orc:1    | Killed an orc high priest
 10897 | Orc:1    | Noticed Fannar
 10906 | Orc:1    | Killed Fannar
 10976 | Orc:1    | Found a transporter.
 10978 | Orc:1    | Noticed a two-headed ogre
 11006 | Lair:1   | Entered Level 1 of the Lair of Beasts
 11318 | Lair:1   | Noticed Harold
 11328 | Lair:1   | Killed Harold
 11350 | Lair:1   | Noticed a seven-headed hydra
 11418 | Lair:1   | HP: 2/111 [seven-headed hydra (13)]
 11420 | Lair:1   | Slain by a seven-headed hydra

Illustrated notes

Levels and vault maps discovered:
D:1:      lemuel_arrival_hallway, layout_basic, serial_shops,
          nicolae_shop_hallway_stairs
D:2:      layout_basic, basic_altar
D:3:      layout_basic, basic_ecumenical_altar, minmay_fractal_squares_gapless_5
D:4:      layout_loops_ring, serial_shops, nicolae_square_shop, serial_glass,
          glass_columns_a, glass_columns_a, ebering_ghost_rock_garden
D:5:      layout_loops_cross, gammafunk_ghost_abyssal_escape, uniq_pikel
D:6:      layout_cave_pods, minmay_temple_entry_junction_2, serial_column_ruins,
          column_ruins_grid_2, column_ruins_corridor_T,
          column_ruins_columns_corner, column_ruins_open_small,
          column_ruins_grid_3, column_ruins_grid_1, serial_shops,
          nicolae_square_shop, serial_bayou_lagoon_a, uniq_grinder, uniq_maggie
D:7:      layout_basic, kennysheep_nondescript, interstate_on_off,
          nicolae_specific_store, uniq_menkaure, uniq_joseph
D:8:      layout_basic, enter_bailey_4, hangedman_feature_mirror
D:9:      layout_irregular_city
D:10:     layout_basic, nicolae_gozag_cash_rules_everything_around_me,
          lair_entry_dummy, orc_0_dummy, grunt_ministairs_3,
          hangedman_abyss_or_decor_lesser_grid, uniq_josephine
Lair:1:   layout_gridlike, lemuel_fruit_fields, uniq_harold
Orc:1:    layout_caves, gammafunk_ghost_wrathful_warriors, abandoned_shop,
          rock_pile, uniq_fannar

Skill      XL: |  1  2  3  4  5  6  7  8  9 10 11 12 |
---------------+-------------------------------------+-----
Long Blades    | 4 5 6 7 8 |  8.5
Axes           | 6 10 14 16 19 20 | 20.2
Fighting       | 4 7 9 11 | 11.8
Armour         | 5 6 |  6.1
Throwing       | |  0.3
Dodging        | |  1.5

Action                   |  1- 3 |  4- 6 |  7- 9 | 10-12 || total
-------------------------+-------+-------+-------+-------++-------
Melee: Falchion          |   103 |   129 |    14 |       ||   246
       Punch             |     1 |     1 |     1 |     3 ||     6
       War axe           |       |       |   146 |       ||   146
       Flail             |       |       |    42 |   121 ||   163
       Broad axe         |       |       |       |   338 ||   338
Throw: Dart              |       |     5 |       |    10 ||    15
Invok: Berserk           |     1 |     4 |     1 |     1 ||     7
       Trog's Hand       |       |       |     2 |     4 ||     6
       Brothers in Arms  |       |       |       |     1 ||     1
  Use: Scroll            |       |       |     3 |     5 ||     8
       Potion            |       |       |       |     1 ||     1
 Stab: Sleeping          |     1 |       |       |       ||     1
Armor: Animal skin       |     6 |       |       |       ||     6
       Ring mail         |    43 |    86 |    39 |       ||   168
       Plate armour      |       |       |    80 |   122 ||   202
Dodge: Dodged            |    72 |    89 |    84 |   139 ||   384
       Repelled          |       |       |       |     2 ||     2
